 Dungeon Crawl Stone Soup version 0.24-a0-284-g9fb9971 (webtiles) character file.

Game seed: 772401612018665730

5552 Ijustatesigmund the Basher (level 10, 0/72 HPs)
             Began as an Octopode Fighter on May 3, 2019.
             Was an Initiate of Cheibriados.
             Slain by a killer bee (5 damage)
             ... on level 9 of the Dungeon on May 6, 2019.
             The game lasted 00:17:58 (8799 turns).

Ijustatesigmund the Basher (Octopode Fighter)       Turns: 8799, Time: 00:17:58

Health: 0/72       AC:  3    Str: 20    XL:     10   Next: 71%
Magic:  13/13      EV: 14    Int: 13    God:    Cheibriados [......]
Gold:   240        SH: 12    Dex: 15    Spells: 9/9 levels left

rFire    . . .     SeeInvis .   a - +1 flail
rCold    . . .     Gourm    .   b - +2 shield
rNeg     . . .     Faith    .   (helmet restricted)
rPois    .         Spirit   .   (no amulet)
rElec    .         Reflect  .   h - ring of flight
rCorr    .         Harm     .   o - +2 ring of protection
MR       .....                  (no ring)
Stlth    ++++......             (no ring)
HPRegen  0.22/turn              (no ring)
MPRegen  0.13/turn              (no ring)
                                (no ring)
                                (no ring)

@: lethally poisoned (0 -> -1), very slow
A: almost no armour, stealthy swim, amphibious, 8 rings, constrict 8, antennae
1, camouflage 1, clever 1, strong 1, gelatinous body 1
a: Bend Time, Renounce Religion, Evoke Flight


You were on level 9 of the Dungeon.
You worshipped Cheibriados.
Cheibriados was noncommittal.
You were not hungry.

You visited 1 branch of the dungeon, and saw 9 of its levels.

You collected 511 gold pieces.
You spent 271 gold pieces at shops.

Inventory:

Hand Weapons
 a - a +1 flail (weapon)
 t - the +5 hand crossbow of Crusades {flame, rN++ Str+10 Int-5}
   (You found it on level 7 of the Dungeon)

   It causes projectiles fired from it to burn those they strike, causing extra
   injury to most foes and up to half again as much damage against particularly
   susceptible opponents.
   It affects your strength (+10).
   It affects your intelligence (-5).
   It greatly protects you from negative energy.
Missiles
 v - 13 bolts
Armour
 b - a +2 shield (worn)
Jewellery
 h - a ring of flight (left tentacle)
 o - a +2 ring of protection (right tentacle)
 r - an uncursed amulet of magic regeneration
Wands
 m - a wand of digging (8)
 n - a wand of flame (17)
 s - a wand of polymorph (8)
Scrolls
 c - 2 scrolls of immolation
 e - a scroll of magic mapping
 f - 6 scrolls of remove curse
 g - 3 scrolls of identify
 i - 7 scrolls of teleportation
 l - a scroll of fog
 p - 2 scrolls of blinking
Potions
 j - a potion of lignification
 w - a potion of cancellation
Comestibles
 d - 13 rations


   Skills:
 + Level 8.0 Fighting
 + Level 9.0 Maces & Flails
 - Level 7.1 Crossbows
 - Level 5.0 Dodging
 - Level 4.5 Stealth
 - Level 5.0 Shields
 + Level 4.3 Invocations


You had 9 spell levels left.
You didn't know any spells.
Your spell library contained the following spells:

 Spells                   Type           Power        Failure   Level  Hunger
 Beastly Appendage        Tmut           #.....       73%         1    ##.....
 Corona                   Hex            #......      73%         1    ##.....
 Ensorcelled Hibernation  Hex/Ice        #.....       86%         2    ###....
 Sticks to Snakes         Tmut           #.......     86%         2    ###....
 Confuse                  Hex            #.......     97%         3    ####...
 Dazzling Spray           Conj/Hex       #.....       97%         3    ####...
 Spider Form              Tmut/Pois      #.........   97%         3    ####...
 Tukima's Dance           Hex            #.......     97%         3    ####...
 Ice Form                 Ice/Tmut       #.......     100%        4    #####..
 Blade Hands              Tmut           #.........   100%        5    ######.


Dungeon Overview and Level Annotations

Branches:
Dungeon (9/15)             Temple (0/1) D:7            Lair (0/6) D:8
    Orc: D:9-12

Altars:
Ashenzari
Cheibriados
Elyvilon
Kikubaaqudgha
Okawaru
Ru
Trog
Uskayaw
Xom
Zin

Shops:
D:5 *   D:8 *(


Innate Abilities, Weirdness & Mutations

You cannot wear most types of armour.
You are very stealthy in the water. (Stealth+)
You are amphibious.
You can wear up to eight rings at the same time.
You can use your tentacles to constrict eight enemies at once.
Your skin changes colour to match your surroundings (Stealth+).
Your rubbery body absorbs attacks. (AC +1, EV +1)
You have a pair of small antennae on your head.
Your mind is acute. (Int +2)
Your muscles are strong. (Str +2)


Message History

* * * LOW HITPOINT WARNING * * *
The killer bee stings you!
* * * LOW HITPOINT WARNING * * *
The killer bee closely misses you.
Okay, then.
As you read the scroll of fear, it crumbles to dust.
You assume a fearsome visage.
The killer bee looks frightened! x2
You constrict the killer bee. x2; You feel sick.
The killer bee escapes!
The killer bee struggles to escape constriction. x2
You release your grip on the killer bee.
You feel sick.
You feel sick.
You feel sick.
Cornered, the killer bee turns to fight!
You feel sick.
You feel sick.
You barely miss the killer bee. Your grab misses the killer bee.
The killer bee is heavily wounded.
The killer bee stings you.
You die...

##+# ##...##
##.....##
##......<## #
#......y@†####...#
+.........'.......
#.........####....
##.......## .
##.....## ##...##
##†## #. #.


You could see a killer bee.

Vanquished Creatures
  3 two-headed ogres (D:8)
  Pikel (D:6)
  A hornet (D:8)
  Prince Ribbit (D:8)
  A hungry ghost (D:7)
  2 water moccasins
  Duvessa (D:5)
  An ice beast (D:8)
  A slave (D:6)
  2 sky beasts
  A black bear (D:8)
  A phantom (D:4)
  4 ogres
  A centaur (D:8)
  A bullfrog (D:7)
  Dowan (D:5)
  A water moccasin skeleton (D:4)
  4 scorpions
  A killer bee (D:9)
  4 wights (D:7)
  4 crimson imps
  3 jellies
  2 hounds
  A bullfrog skeleton (D:4)
  A gnoll shaman (D:7)
  An iguana (D:9)
  3 orc wizards
  8 worker ants
  2 hound skeletons
  A worker ant zombie (D:5)
  8 gnolls
  8 adders
  2 shadow imps
  2 oozes (D:1)
  An adder skeleton (D:7)
  7 worms
  A dart slug (D:1)
  4 leopard geckos
  14 orcs
  A ball python (D:6)
  8 giant cockroaches
  5 goblins
  7 hobgoblins
  12 jackals
  6 quokkas
  7 bats
  6 frilled lizards
  7 kobolds
  A quokka zombie (D:7)
  6 rats
172 creatures vanquished.

Notes
Turn   | Place    | Note
-------+----------+-------------------------------------------
     0 | D:1      | Ijustatesigmund the Octopode Fighter began the quest for
                  | the Orb.
     0 | D:1      | Reached XP level 1. HP: 16/16 MP: 1/1
    49 | D:1      | Reached XP level 2. HP: 21/21 MP: 2/2
   499 | D:1      | Reached skill level 3 in Maces & Flails
   604 | D:1      | Reached XP level 3. HP: 26/26 MP: 3/3
  1220 | D:2      | Found a shattered altar of Ashenzari.
  1339 | D:2      | Reached XP level 4. HP: 26/33 MP: 4/4
  1461 | D:2      | Reached skill level 4 in Maces & Flails
  2014 | D:3      | Reached XP level 5. HP: 30/37 MP: 5/5
  2450 | D:3      | Found an iron altar of Okawaru.
  2720 | D:4      | Reached skill level 1 in Stealth
  2920 | D:4      | Reached skill level 5 in Maces & Flails
  3043 | D:4      | Reached XP level 6. HP: 30/44 MP: 6/6
  3304 | D:4      | Noticed a phantom
  3341 | D:4      | Killed a phantom
  3341 | D:4      | Reached XP level 7. HP: 16/49 MP: 7/7
  4291 | D:4      | Reached skill level 6 in Maces & Flails
  4319 | D:5      | Entered Level 5 of the Dungeon
  4328 | D:5      | Noticed Duvessa
  4329 | D:5      | Noticed Dowan
  4349 | D:5      | Killed Duvessa
  4349 | D:5      | Reached skill level 5 in Fighting
  4377 | D:5      | Killed Dowan
  4902 | D:5      | Found Mompuh's Assorted Antiques.
  4905 | D:5      | Bought a dark potion for 24 gold pieces
  4905 | D:5      | Bought a dark potion for 24 gold pieces
  4905 | D:5      | Bought a tourmaline ring for 135 gold pieces
  5088 | D:6      | Reached XP level 8. HP: 51/56 MP: 8/8
  5280 | D:6      | Found a hide-covered altar of Uskayaw.
  5281 | D:6      | Found an ancient bone altar of Kikubaaqudgha.
  5282 | D:6      | Found a shimmering altar of Xom.
  5284 | D:6      | Found a bloodstained altar of Trog.
  5285 | D:6      | Found a white marble altar of Elyvilon.
  5347 | D:6      | Reached skill level 7 in Maces & Flails
  6065 | D:6      | Noticed Pikel
  6081 | D:6      | Killed Pikel
  6289 | D:7      | Got a warped hand crossbow
  6290 | D:7      | Identified the +5 hand crossbow of Crusades {flame, rN++
                  | Str+10 Int-5} (You found it on level 7 of the Dungeon)
  6428 | D:7      | Reached XP level 9. HP: 60/63 MP: 9/9
  6489 | D:7      | Reached skill level 5 in Dodging
  6489 | D:7      | Reached skill level 5 in Shields
  6602 | D:7      | Reached skill level 1 in Crossbows
  6834 | D:7      | Found a staircase to the Ecumenical Temple.
  7150 | D:8      | Noticed a hornet
  7156 | D:8      | Noticed a two-headed ogre
  7158 | D:8      | Killed a hornet
  7184 | D:8      | Gained mutation: You have a pair of small antennae on your
                  | head. [potion of mutation]
  7184 | D:8      | Gained mutation: Your muscles are strong. (Str +2) [potion
                  | of mutation]
  7184 | D:8      | Gained mutation: Your mind is acute. (Int +2) [potion of
                  | mutation]
  7185 | D:8      | Killed a two-headed ogre
  7307 | D:8      | Noticed Prince Ribbit
  7315 | D:8      | Killed Prince Ribbit
  7315 | D:8      | Reached XP level 10. HP: 50/69 MP: 10/10
  7427 | D:8      | Reached skill level 8 in Maces & Flails
  7470 | D:8      | Found Qyse's Lightly-Used Armoury.
  7498 | D:8      | Found a glowing silver altar of Zin.
  7498 | D:8      | Found a snail-covered altar of Cheibriados.
  7505 | D:8      | Found a faded altar of an unknown god.
  7509 | D:8      | Became a worshipper of Cheibriados the Contemplative
  7512 | D:8      | Found a sacrificial altar of Ru.
  7514 | D:8      | Found an iron altar of Okawaru.
  7578 | D:8      | Reached skill level 1 in Invocations
  7814 | D:8      | Upgraded the game from 0.24-a0-282-g1a68c91 to
                  | 0.24-a0-284-g9fb9971
  7831 | D:8      | Found a staircase to the Lair.
  7854 | D:8      | Found Ibrof's Weapon Boutique.
  7862 | D:8      | Bought 16 sling bullets for 88 gold pieces
  8038 | D:8      | Noticed a two-headed ogre
  8049 | D:8      | Killed a two-headed ogre
  8580 | D:9      | Noticed a two-headed ogre
  8606 | D:8      | Killed a two-headed ogre
  8606 | D:8      | Reached skill level 9 in Maces & Flails
  8799 | D:9      | Slain by a killer bee

Levels and vault maps discovered:
D:1:      ncdulo_lavacross, layout_basic
D:2:      layout_basic, ashenzari_altar_1
D:3:      layout_loops_ring, okawaru_metal_pillars_1_2
D:4:      layout_gridville, first_ration, minmay_pentangle
D:5:      layout_loops_ring, serial_shops, kennysheep_mini_moat, uniq_duvessa
D:6:      layout_loops_corners, grunt_temple_overflow_open, uniq_pikel,
          uniq_sigmund
D:7:      layout_loops_cross, minmay_temple_entry_tees, st_stairs_7,
          grunt_ogre_cave
D:8:      minmay_recursive_quarters, layout_loops_ring,
          chequers_temple_overflow_minitemple, lair_entry_dummy, serial_shops,
          shop_statue, minmay_shop_damaged, uniq_prince_ribbit1
D:9:      layout_loops_corners, lemuel_doored_altar, overflow_temple_1_default,
          uniq_psyche

Skill      XL: |  1  2  3  4  5  6  7  8  9 10 |
---------------+-------------------------------+-----
Maces & Flails | 3 4 5 6 7 9 |  9.0
Fighting       | 4 5 6 8 |  8.0
Stealth        | 1 2 4 |  4.5
Dodging        | 4 5 |  5.0
Shields        | 4 5 |  5.0
Crossbows      | 7 |  7.1
Invocations    | 4 |  4.3

Action                   |  1- 3 |  4- 6 |  7- 9 | 10-12 || total
-------------------------+-------+-------+-------+-------++-------
Melee: Flail             |    60 |   119 |   165 |    46 ||   390
       Constrict         |    17 |    32 |    27 |     7 ||    83
       Tentacles         |    13 |    29 |    35 |     9 ||    86
 Fire: Hand crossbow     |       |       |    36 |    25 ||    61
  Use: Scroll            |     3 |     9 |     3 |     6 ||    21
       Potion            |       |     4 |     6 |     1 ||    11
 Stab: Sleeping          |    10 |     8 |    12 |     1 ||    31
  Eat: Chunk             |     1 |     7 |     9 |     3 ||    20
       Ration            |       |       |     1 |     1 ||     2
Armor: Skin              |     3 |     5 |    17 |     1 ||    26
Dodge: Dodged            |    19 |    47 |    44 |    23 ||   133
Block: Shield            |    23 |    49 |    72 |    25 ||   169

Table legend:
 A = Non-vault XP
 B = Vault XP
 C = Vault XP percentage of total XP
 D = Non-vault monster count
 E = Vault monster count
 F = Vault count percentage of total count
                 A         B        C        D         E       F
            +---------+---------+-------+---------+---------+-------
      Total |    4338 |    3594 |  45.3 |     154 |      17 |   9.9
            +---------+---------+-------+---------+---------+-------
        D:1 |      35 |       0 |   0.0 |      14 |       0 |   0.0
        D:2 |     108 |       0 |   0.0 |      36 |       0 |   0.0
        D:3 |     101 |       0 |   0.0 |      21 |       0 |   0.0
        D:4 |     361 |     148 |  29.1 |      18 |       6 |  25.0
        D:5 |     191 |     223 |  53.9 |       8 |       2 |  20.0
        D:6 |     417 |     663 |  61.4 |      16 |       1 |   5.9
        D:7 |     992 |     155 |  13.5 |      23 |       2 |   8.0
        D:8 |    2037 |    2405 |  54.1 |      16 |       6 |  27.3
        D:9 |      96 |       0 |   0.0 |       2 |       0 |   0.0
            +---------+---------+-------+---------+---------+-------
